 Dungeon Crawl Stone Soup version 0.27.0-1-g7a089689b8 (webtiles) character file.

Game seed: 1754215784079318131

294 pkoi the Ruffian (level 6, -6/50 HPs)
             Began as a Minotaur Gladiator on Aug 4, 2021.
             Mangled by Eustachio (7 damage)
             ... on level 4 of the Dungeon.
             The game lasted 00:03:52 (3068 turns).

pkoi the Ruffian (Minotaur Gladiator)               Turns: 3068, Time: 00:03:52

Health: -6/50      AC:  4    Str: 19 (21) XL:     6   Next: 11%
Magic:  5/5        EV: 12    Int:  2 (5)  God:
Gold:   117        SH:  0    Dex: 10 (11) Spells: 5/5 levels left

rFire    . . .     SeeInvis .     - Unarmed
rCold    . . .     Faith    .   (no shield)
rNeg     . . .     Spirit   .   a - +0 leather armour
rPois    .         Reflect  .   b - +0 hat
rElec    .         Harm     .   (no cloak)
rCorr    .         Rampage  .   r - +0 pair of gloves
Will     .....                  (no boots)
Stlth    +.........             (no amulet)
HPRegen  0.16/turn              (no ring)
MPRegen  0.09/turn              (no ring)

@: no status effects
A: horns 2, retaliatory headbutt
a: no special abilities


You were on level 4 of the Dungeon.
You visited 1 branch of the dungeon, and saw 4 of its levels.

You collected 117 gold pieces.

Inventory:

Missiles
 c - 4 throwing nets (quivered)
Armour
 a - a +0 leather armour (worn)
 b - a +0 hat (worn)
 r - a +0 pair of gloves (worn)
Jewellery
 f - an amulet of reflection
 i - an amulet of magic regeneration
Scrolls
 d - a scroll of fog {unknown}
 g - a scroll of enchant weapon {unknown}
 j - a scroll of immolation {unknown}
 k - a scroll of acquirement {unknown}
 l - 2 scrolls of identify {unknown}
 m - a scroll of amnesia {unknown}
 n - a scroll of magic mapping {unknown}
Potions
 e - 3 potions of invisibility
 o - 2 potions of mutation {unknown}
 p - a potion of flight
 q - a potion of curing {unknown}


   Skills:
 - Level 2.4 Fighting
 - Level 2.0 Throwing
 + Level 2.4 Armour
 + Level 4.2 Dodging
 * Level 6.6 Unarmed Combat


You had 5 spell levels left.
You didn't know any spells.
Your spell library was empty.

Dungeon Overview and Level Annotations

Branches:
Dungeon (4/15)
 Temple: D:4-7

Altars:

Shops:
D:3 (

Annotations:
D:4 Eustachio, Grinder


Innate Abilities, Weirdness & Mutations

You have a pair of horns on your head.
You reflexively headbutt those who attack you in melee.


Message History

The jackal completely misses you.
Unknown command.
You hit something.
The jackal bites you but does no damage.
Something hits you!
The jackal bites you but does no damage.
You hit something. You headbutt something.
You hear some strange, mumbled words.
The jackal closely misses you. You furiously retaliate!
You headbutt the jackal.
You kill the jackal!
You closely miss something. Something hits you. The quokka bites you.
You hit something. The quokka bites you. Something hits you.
You hit something. Your headbutt misses something. The quokka bites you.
Something hits you!
* * * LOW HITPOINT WARNING * * *
Unknown command.
You closely miss something. The quokka barely misses you.
You hear some strange, mumbled words.
You closely miss something. Your headbutt misses something.
The jackal pauses to sniff the ground.
The quokka bites you.
* * * LOW HITPOINT WARNING * * *
Something hits you.
* * * LOW HITPOINT WARNING * * *
Unknown command.
You barely miss something.
The quokka bites you but does no damage.
Something hits you!
* * * LOW HITPOINT WARNING * * *
Unknown command.
It was a potion of degeneration.
There was something very wrong with that liquid.
You feel weakened.
You feel dopey.
You feel clumsy. The quokka closely misses you. You furiously retaliate!
You headbutt the quokka!
You kill the quokka!
The quokka's corpse disappears in a puff of smoke!
Something hits you!
You die...

......#........
..........[....
...r..#........
......#..?.....
..###!#........
#..Z.......
##rh.......
#h#####+## #@#
#{## #.# # #r.#
#.# # ##.## #.#
# #..# #.### #
##.# #...# #
#.###...# #
#..##...# #
##'##'#### #


You could see a river rat (summoned), a quokka (summoned), 2 jackals and a hound
skeleton.

Vanquished Creatures
  A phantom (D:3)
  A scorpion (D:4)
  4 gnolls (D:2)
  5 adders
  2 worms (D:2)
  A dart slug (D:2)
  An orc (D:3)
  5 ball pythons
  9 endoplasms
  4 giant cockroaches
  4 goblins
  2 hobgoblins
  9 jackals
  7 kobolds
  2 quokkas
  6 bats
  5 frilled lizards
  5 rats
73 creatures vanquished.

Notes
Turn   | Place    | Note
-------+----------+-------------------------------------------
     0 | D:1      | pkoi the Minotaur Gladiator began the quest for the Orb.
     0 | D:1      | Reached XP level 1. HP: 18/18 MP: 0/0
   253 | D:1      | Reached skill level 4 in Unarmed Combat
   253 | D:1      | Reached XP level 2. HP: 22/25 MP: 1/1
   491 | D:1      | Found a faded altar of an unknown god.
   771 | D:1      | Reached XP level 3. HP: 30/30 MP: 2/2
   885 | D:2      | Reached skill level 5 in Unarmed Combat
  1052 | D:2      | Reached XP level 4. HP: 5/37 MP: 3/3
  1592 | D:2      | Reached skill level 1 in Armour
  2202 | D:3      | Reached XP level 5. HP: 42/42 MP: 4/4
  2239 | D:3      | Found Ufeczo's Antique Weapon Shoppe.
  2381 | D:3      | Reached skill level 6 in Unarmed Combat
  2617 | D:4      | Noticed a phantom
  2621 | D:4      | Noticed Grinder
  2631 | D:4      | Noticed Eustachio
  2745 | D:3      | Killed a phantom
  2746 | D:3      | Reached XP level 6. HP: 32/50 MP: 5/5
  3067 | D:4      | HP: 1/50 [something (9)]
  3068 | D:4      | Mangled by Eustachio

Illustrated notes

Levels and vault maps discovered:
D:1:      pf_arrival_petrified_forest, layout_loops_ring,
          ebering_ecumenical_altar_petrified, minmay_heptomino_o4
D:2:      layout_rooms
D:3:      layout_rooms, serial_shops, shop, minmay_misc_feat_hallway
D:4:      layout_basic, uniq_edmund, uniq_eustachio, uniq_grinder

Skill      XL: |  1  2  3  4  5 |
---------------+----------------+-----
Unarmed Combat | 4 5 6 |  6.6
Armour         | 1 2 |  2.4
Dodging        | 4 |  4.2
Fighting       | |  2.4
Throwing       | |  2.0

Action                   |  1- 3 |  4- 6 || total
-------------------------+-------+-------++-------
Melee: Unarmed           |    69 |   105 ||   174
       Headbutt          |    10 |    15 ||    25
       Punch             |     1 |     3 ||     4
  Use: Potion            |     1 |     1 ||     2
 Stab: Sleeping          |     1 |       ||     1
Armor: Leather armour    |    20 |    14 ||    34
Dodge: Dodged            |    42 |    60 ||   102
